 Dungeon Crawl Stone Soup version 0.24.1-8-ga250c9d538 (webtiles) character file.

Game seed: 14807814929344494906, levelgen mode: deterministic

221 Lemonice the Sneak (level 5, -2/28 HPs)
             Began as a Vampire Enchanter on Apr 28, 2020.
             Was an Initiate of Dithmenos.
             Slain by an ogre
             ... wielding a +0 giant club
              (30 damage)
             ... on level 4 of the Dungeon.
             The game lasted 00:08:30 (2984 turns).

Lemonice the Sneak (Vampire Enchanter)              Turns: 2984, Time: 00:08:30

Health: -2/28      AC:  2    Str:  7    XL:     5   Next: 65%
Magic:  6/8        EV: 13    Int: 18    God:    Dithmenos [......]
Gold:   135        SH:  0    Dex: 15    Spells: 3/9 levels left

rFire    . . .     SeeInvis +   k - +2 short sword (drain)
rCold    + + .     Gourm    .   (no shield)
rNeg     + + +     Faith    .   b - +0 robe
rPois    ∞         Spirit   .   (no helmet)
rElec    .         Reflect  .   (no cloak)
rCorr    .         Harm     .   (no gloves)
MR       .....                  (no boots)
Stlth    +++++.....             (no amulet)
HPRegen  0.00/turn              (no ring)
MPRegen  0.11/turn              (no ring)

@: bloodless
A: no food, fangs 3, see invisible, unbreathing
a: Bat Form, Revivify, Renounce Religion


You were on level 4 of the Dungeon.
You worshipped Dithmenos.
Dithmenos was noncommittal.
You were bloodless.

You visited 1 branch of the dungeon, and saw 4 of its levels.

You collected 135 gold pieces.

Inventory:

Hand Weapons
 a - a +1 dagger
 k - a +2 short sword of draining (weapon)
Missiles
 i - 7 atropa-tipped darts (quivered)
Armour
 b - a +0 robe (worn)
 r - a +0 buckler
Scrolls
 d - 3 scrolls of identify {unknown}
 f - 4 scrolls of remove curse {unknown}
 g - 2 scrolls of amnesia {unknown}
 j - a scroll of enchant armour {unknown}
 m - a scroll of noise {unknown}
 o - a scroll of enchant weapon {unknown}
 p - a scroll of immolation {unknown}
 q - 2 scrolls of teleportation {unknown}
 s - a scroll of fog {unknown}
Potions
 c - 2 potions of degeneration {unknown}
 e - a potion of berserk rage {unknown}
 h - 3 potions of heal wounds {unknown}
 l - 2 potions of magic {unknown}
 n - 3 potions of curing {unknown}


   Skills:
 - Level 0.1 Fighting
 * Level 2.7 Short Blades
 + Level 2.9 Dodging
 * Level 6.6 Stealth
 + Level 2.5 Spellcasting
 * Level 6.0 Hexes
 - Level 0.5 Ice Magic


You had 3 spell levels left.
You knew the following spells:

 Your Spells              Type           Power        Failure   Level  Hunger
a - Corona                Hex            ###....      1%          1    N/A
b - Ensorcelled Hibernat  Hex/Ice        ##....       7%          2    N/A
c - Confuse               Hex            ###.....     4%          3    N/A

Your spell library contained the following spells:

 Spells                   Type           Power        Failure   Level  Hunger
 Tukima's Dance           Hex            ###.....     4%          3    N/A
 Dazzling Spray           Conj/Hex       ##....       16%         3    N/A

Dungeon Overview and Level Annotations

Branches:
Dungeon (4/15)
 Temple: D:4-7

Altars:
Dithmenos
Okawaru


Innate Abilities, Weirdness & Mutations

You do not eat.
You do not regenerate when monsters are visible.
You are frail without blood (-20% HP).
You can heal yourself when you bite living creatures.
You are immune to poison.
You have razor-sharp teeth.
You have supernaturally acute eyesight. (SInv)
You can survive without breathing.


Message History

Things that are here:
a cursed +0 dagger; a +0 robe; an orc corpse
Things that are here:
a +0 dagger; a +0 ring mail; an orc corpse
Found a dagger.
An ogre comes into view. It is wielding a +0 giant club.
You see here 11 gold pieces.
The helpless ogre fails to defend itself.
You bite the ogre, and draw its blood! You impale the ogre!!
The ogre is almost dead.
The ogre closely misses you.
Casting: Ensorcelled Hibernation (safe; 7% risk of failure)
Confirm with . or Enter, or press ? or * to list all spells.
Aiming: Ensorcelled Hibernation (safe; 7% risk of failure)
Press: ? - help, Shift-Dir - straight line, f - ogre
Aim: an ogre, wielding a +0 giant club (almost dead, chance to defeat MR: 45%)
The ogre resists with some effort.
The ogre hits you with a +0 giant club!!
Ouch! That really hurt!
You die...

### #####
..###### #...
.......######.#
#####
#.####........#
..)..# #.#
#..####..###.....
#.## #..#
##.....#
.#.###..#
####$#####.#.#
..#.....#
#....@O.......
.#.###.###
#.###.####....
...[........ #.#
# ).)....#### #.#
######## ..# #
.## # #. # #. #


You could see an ogre.

Vanquished Creatures
  An orc wizard (D:4)
  An orc priest (D:3)
  A worker ant (D:4)
  4 adders
  2 oozes
  3 worms (D:2)
  2 dart slugs
  3 leopard geckos
  5 orcs
  5 bats
  3 giant cockroaches
  14 goblins
  9 hobgoblins
  4 jackals (D:1)
  2 quokkas
  A frilled lizard (D:2)
  8 kobolds
68 creatures vanquished.

Notes
Turn   | Place    | Note
-------+----------+-------------------------------------------
     0 | D:1      | Lemonice the Vampire Enchanter began the quest for the Orb.
     0 | D:1      | Reached XP level 1. HP: 13/13 MP: 3/3
   122 | D:1      | Reached XP level 2. HP: 4/15 MP: 3/5
   126 | D:1      | Learned a level 2 spell: Ensorcelled Hibernation
   378 | D:1      | Reached skill level 5 in Stealth
   588 | D:1      | Reached XP level 3. HP: 16/16 MP: 6/6
   594 | D:1      | Learned a level 3 spell: Confuse
  1105 | D:2      | Reached skill level 5 in Hexes
  1563 | D:2      | Reached XP level 4. HP: 21/21 MP: 7/7
  2232 | D:3      | Reached XP level 5. HP: 24/24 MP: 0/8
  2614 | D:3      | Found an iron altar of Okawaru.
  2873 | D:4      | Found a shadowy altar of Dithmenos.
  2882 | D:4      | Became a worshipper of Dithmenos the Shadowed
  2979 | D:4      | Noticed an ogre
  2984 | D:4      | Slain by an ogre

Levels and vault maps discovered:
D:1:      eino_arrival_tree_alley, layout_loops_cross, minmay_stone_trees_small
D:2:      layout_basic
D:3:      cheibrodos_greedy_goblins, layout_basic, marbit_many_paths
D:4:      layout_loops_ring, overflow_temple_1_default,
          grunt_temple_overflow_open, grunt_dithmenos_smoke_and_mirrors,
          serial_shops, shop, bh_walls_and_bars, uniq_pikel, uniq_eustachio

Skill      XL: |  1  2  3  4  5 |
---------------+----------------+-----
Stealth        | 5 6 |  6.6
Hexes          | 5 6 |  6.0
Short Blades   | 2 |  2.7
Fighting       | |  0.1
Dodging        | |  2.9
Spellcasting   | |  2.5
Ice Magic      | |  0.5

Action                   |  1- 3 |  4- 6 || total
-------------------------+-------+-------++-------
Melee: Dagger            |    62 |       ||    62
       Bite              |     6 |     1 ||     7
       Short sword       |    16 |    49 ||    65
 Cast: Corona            |     2 |       ||     2
       Ensorcelled Hiber |    14 |     9 ||    23
 Abil: Exsanguinate      |     2 |       ||     2
       Revivify          |     1 |       ||     1
 Stab: Sleeping          |    21 |    23 ||    44
Armor: Robe              |    17 |     4 ||    21
Dodge: Dodged            |    58 |    16 ||    74
